 Dungeon Crawl Stone Soup version 0.30-a0-1075-gcd70e7a56d (webtiles) character file.

Game seed: 4614076933954741481

84 BubbleThief the Trooper (level 4, -12/43 HPs)
             Began as a Naga Cinder Acolyte on Apr 14, 2023.
             Was a High Priest of Ignis.
             Mangled by an ice beast (14 damage)
             ... on level 3 of the Dungeon.
             The game lasted 00:03:13 (1940 turns).

BubbleThief the Trooper (Naga Cinder Acolyte)       Turns: 1940, Time: 00:03:13

Health: -12/43     AC:  3    Str: 18    XL:     4   Next: 46%
Magic:  0/7        EV:  8    Int: 15    God:    Ignis [*****.]
Gold:   138        SH:  4    Dex:  6    Spells: 5/7 levels left

rFire   + . .      SeeInvis +    a - -1 mace (flame)
rCold   . . .      Faith    .    o - +2 buckler
rNeg    . . .      Spirit   .    b - +0 robe
rPois   +          Reflect  .    p - +0 helmet
rElec   .          Rampage  .    j - scarf {repulsion}
rCorr   .                        (no gloves)
Will    .....                    (no barding)
Stlth   +                        (no amulet)
HPRegen 0.27/turn                (no ring)
MPRegen 0.10/turn                (no ring)

@: short of breath, repel missiles, very slow
A: AC +1, large, see invisible, deformed body, poison resistance, slowness 2,
spit poison 1, naga tail 1
a: Spit Poison, Renounce Religion, Fiery Armour, Foxfire Swarm, Rising Flame


You were on level 3 of the Dungeon.
You worshipped Ignis.
Ignis was extremely pleased with you.
You visited 1 branch of the dungeon, and saw 3 of its levels.

You collected 138 gold pieces.

Inventory:

Hand Weapons
 a - a -1 mace of flaming (weapon)
Armour
 b - a +0 robe (worn)
 j - a scarf of repulsion (worn)
 o - a +2 buckler (worn)
 p - a +0 helmet (worn)
Magical Staves
 l - a staff of conjuration
Jewellery
 k - an amulet of guardian spirit
 q - an amulet of magic regeneration
Scrolls
 d - a scroll of poison {unknown}
 f - a scroll of enchant weapon {unknown}
 h - a scroll of amnesia {unknown}
 i - 3 scrolls of identify {unknown}
 n - a scroll of magic mapping {unknown}
 r - a scroll of silence {unknown}
Potions
 c - 2 potions of heal wounds {unknown}
 e - a potion of curing {unknown}
 g - a potion of brilliance {unknown}
 m - a potion of mutation {unknown}


   Skills:
 + Level 3.6 Fighting
 + Level 3.6 Maces & Flails
 + Level 0.0 Shields
 + Level 2.0 Spellcasting
 + Level 3.5 Fire Magic


You had 5 spell levels left.
You knew the following spells:

 Your Spells              Type           Power      Damage    Failure   Level
a - Scorch                Fire           24%        2d6       10%         2

Your spell library contained the following spells:

 Spells                   Type           Power      Damage    Failure   Level


Dungeon Overview and Level Annotations

Branches:
Dungeon (3/15)

Altars:

Shops:
D:1 (


Innate Abilities, Weirdness & Mutations

Your serpentine skin is tough. (AC +1)
You have supernaturally acute eyesight. (SInv)
Armour fits poorly on your strangely shaped body.
Your system is resistant to poisons. (rPois)
You cover ground very slowly.
You can spit poison.
You have a snake-like lower body.


Message History

Casting: Scorch (safe; 10% risk of failure)
Confirm with . or Enter, or press ? or * to list all spells.
Flames lash the ice beast.
The ice beast is moderately wounded.
The ice beast's fire resistance burns away.
The ice beast hits you. The ice beast freezes you!
* * * LOW HITPOINT WARNING * * *
Aiming: Spit Poison (1% risk of failure)
Press: ? - help, Shift-Dir - straight line, f/p - ice beast
Aim: an ice beast (moderately wounded, more vulnerable to fire, 59% to hit)
The splash of poison hits the ice beast.
The ice beast completely resists.
The ice beast is moderately wounded.
The ice beast barely misses you.
You hit the ice beast.
You melt the ice beast.
The ice beast is heavily wounded.
The ice beast hits you but does no damage.
You completely miss the ice beast.
The ice beast is heavily wounded.
The ice beast is no longer more vulnerable to fire.
The ice beast hits you but does no damage.
You closely miss the ice beast.
The ice beast is heavily wounded.
You have got your breath back.
The ice beast hits you but does no damage.
You block the ice beast's attack.
Aiming: Spit Poison (1% risk of failure)
Press: ? - help, Shift-Dir - straight line, f/p - ice beast
Aim: an ice beast (heavily wounded, 59% to hit)
The splash of poison hits the ice beast.
The ice beast is heavily wounded.
You block the ice beast's attack.
Unknown command.
Unknown command.
You hit the ice beast.
You melt the ice beast.
The ice beast is heavily wounded.
The ice beast hits you.
* * * LOW HITPOINT WARNING * * *
The ice beast freezes you!
You die...

#.# #.# #.# #.# ..
#.# #.## ..#.#
#.K### #.#.#
##...### ######
#.#.P ###.).#
##....# #...P ###.#
.....# # ##... #Y##
#....# #.###.†
#.@###....# #.....#
##...#....# ####..#
###.#....# ##.#
#.#....# ###
#....### ####.#
#######.###########
..........(........
###################


You could see an ice beast.

Vanquished Creatures
  2 adders (D:2)
  A worm (D:3)
  5 ball pythons
  10 endoplasms
  A giant cockroach (D:1)
  7 goblins
  4 hobgoblins
  8 bats
  6 frilled lizards
  11 kobolds
  3 rats (D:1)
58 creatures vanquished.

Vanquished Creatures (others)
  A plant (D:3)
1 creature vanquished.

Grand Total: 59 creatures vanquished

Notes
Turn   | Place    | Note
-------+----------+-------------------------------------------
     0 | D:1      | BubbleThief the Naga Cinder Acolyte began the quest for the
                  | Orb.
     0 | D:1      | Reached XP level 1. HP: 21/21 MP: 2/2
   141 | D:1      | Reached XP level 2. HP: 24/28 MP: 3/3
   170 | D:1      | Found a faded altar of an unknown god.
   230 | D:1      | Found Haugio's Weapon Emporium.
   388 | D:1      | Reached XP level 3. HP: 7/34 MP: 5/5
  1199 | D:2      | Learned a level 2 spell: Scorch
  1240 | D:2      | Reached XP level 4. HP: 42/42 MP: 6/6
  1914 | D:3      | Noticed an ice beast
  1934 | D:3      | HP: 2/43 [ice beast (13)]
  1940 | D:3      | HP: 2/43 [ice beast (2)]
  1940 | D:3      | Mangled by an ice beast

Illustrated notes

Levels and vault maps discovered:
D:1:      minmay_arrival_up_and_down, layout_loops_ring,
          hellmonk_ecumenical_altar_prayer_group, serial_shops,
          nicolae_shop_bloodbath_and_beyond, minmay_vboxes
D:2:      layout_basic
D:3:      cheibrodos_old_hovel, layout_rooms, minmay_misc_feat_roman

Skill      XL: |  1  2  3  4 |
---------------+-------------+-----
Spellcasting   | 2 |  2.0
Fighting       | |  3.6
Maces & Flails | |  3.6
Fire Magic     | |  3.5

Action                     |  1- 3 |  4- 6 || total
---------------------------+-------+-------++-------
  Melee: Mace              |   107 |    39 ||   146
   Cast: Scorch            |       |     6 ||     6
Ability: Spit Poison       |     8 |     9 ||    17
 Armour: Robe              |    21 |    14 ||    35
  Dodge: Dodged            |    65 |    22 ||    87
  Block: Buckler           |       |     3 ||     3

Table legend: (Time is in decaauts)
 A = Elapsed time spent in this place.
 B = Non-inter-level travel time spent in this place.
 C = Inter-level travel time spent in this place.
 D = Time resting spent in this place.
 E = Time spent auto-exploring this place.
 F = Levels seen in this place.
 G = Mean time per level.
                   A        B        C        D        E       F      G
               +--------+--------+--------+--------+--------+-----+--------+
         Total |   2482 |   2446 |     36 |      0 |   1960 |   3 |  827.3 |
       Dungeon |   2482 |   2446 |     36 |      0 |   1960 |   3 |  827.3 |
               +--------+--------+--------+--------+--------+-----+--------+

Top non-repeatable levels by time:
     D:1: 1226 daAuts
     D:2: 1011 daAuts
     D:3: 244 daAuts
